| TOP OF THE 1ST |
|
Kansas City Royals batting - Pitching for Baltimore Orioles : RHP Jim Clancy
|
|
Pitching: RHP Jim Clancy
|
|
|
Batting: RHB Rickey Henderson
|
0-0: Swinging Strike 0-1: Called Strike 0-2: Ball 1-2: Ball 2-2: SINGLE (Groundball, 56D, EV 107.5 MPH)
|
|
Batting: LHB Gene Richards
|
0-0: Ball 1-0: Ball 2-0: Foul Ball, location: 2F 2-1: SINGLE (Groundball, 6D, EV 97.5 MPH) Rickey Henderson to second
|
|
Batting: RHB Bob Horner
|
0-0: Ball Rickey Henderson steals 3rd base Gene Richards to second 1-0: Foul Ball, location: 2F 1-1: Foul Ball, location: 2F 1-2: SINGLE (Groundball, 56D, EV 98.8 MPH) Rickey Henderson scores Gene Richards to third Runner from 3rd tries for Home, SAFE, throw by LF to home
|
|
Batting: RHB Gary Carter
|
0-0: Fly out, F9 (Flyball, 89S, EV 88.1 MPH)
|
|
Batting: RHB Lloyd McClendon
|
0-0: Called Strike 0-1: Swinging Strike 0-2: Ball 1-2: Fly out, F8 (Flyball, 8LD, EV 106.3 MPH)
|
|
Batting: RHB Jeffrey Leonard
|
0-0: Called Strike 0-1: Ground out 4-3 (Groundball, 34, EV 96.3 MPH)
|
| Top of the 1st over - 2 runs, 3 hits, 0 errors, 1 left on base; Kansas City 2 - Baltimore 0 |
| BOTTOM OF THE 1ST |
|
Baltimore Orioles batting - Pitching for Kansas City Royals : LHP Frank Viola
|
|
Pitching: LHP Frank Viola
|
|
|
Batting: SHB Willie McGee
|
0-0: Called Strike 0-1: Ball 1-1: Swinging Strike 1-2: Ground out 4-3 (Groundball, 4, EV 105.0 MPH)
|
|
Batting: SHB Johnny Ray
|
0-0: Ball 1-0: Ball 2-0: Ball 3-0: Called Strike 3-1: Called Strike 3-2: Foul Ball, location: 2F 3-2: Foul Ball, location: 2F 3-2: SINGLE (Groundball, 34D, EV 99.4 MPH)
|
|
Batting: SHB Steve R Ontiveros
|
0-0: Called Strike 0-1: Ball 1-1: Called Strike 1-2: Foul Ball, location: 2F 1-2: Foul Ball, location: 2F 1-2: Ball Johnny Ray steals 2nd base 2-2: Fly out, F8 (Line Drive, 8RD, EV 96.3 MPH)
|
|
Batting: RHB Dwight Evans
|
0-0: Swinging Strike 0-1: Ball 1-1: Fly out, F8 (Flyball, 8LD, EV 83.1 MPH)
|
| Bottom of the 1st over - 0 runs, 1 hit, 0 errors, 1 left on base; Kansas City 2 - Baltimore 0 |
| TOP OF THE 2ND |
|
Kansas City Royals batting - Pitching for Baltimore Orioles : RHP Jim Clancy
|
|
Batting: LHB Rick Manning
|
0-0: Ball 1-0: Ball 2-0: Ball 3-0: Called Strike 3-1: Ground out 1-3 (Groundball, 13S, EV 71.9 MPH)
|
|
Batting: LHB Alvin Davis
|
0-0: Called Strike 0-1: Ball 1-1: Foul Ball, location: 2F 1-2: Ball 2-2: Foul Ball, location: 2F 2-2: Strikes out swinging
|
|
Batting: LHB Brad Mills
|
0-0: Ball 1-0: Ball 2-0: Fly out, F8 (Flyball, 8RS, EV 94.4 MPH)
|
| Top of the 2nd over - 0 runs, 0 hits, 0 errors, 0 left on base; Kansas City 2 - Baltimore 0 |
| BOTTOM OF THE 2ND |
|
Baltimore Orioles batting - Pitching for Kansas City Royals : LHP Frank Viola
|
|
Batting: RHB Ron Cey
|
0-0: Foul Ball, location: 2F 0-1: Fly out, F8 (Line Drive, 8RD, EV 91.3 MPH)
|
|
Batting: RHB Matt Rice
|
0-0: Ball 1-0: Swinging Strike 1-1: Fly out, F7 (Flyball, 78XD, EV 95.0 MPH)
|
|
Batting: RHB Mark Brouhard
|
0-0: Called Strike 0-1: Swinging Strike 0-2: Strikes out swinging
|
| Bottom of the 2nd over - 0 runs, 0 hits, 0 errors, 0 left on base; Kansas City 2 - Baltimore 0 |
| TOP OF THE 3RD |
|
Kansas City Royals batting - Pitching for Baltimore Orioles : RHP Jim Clancy
|
|
Batting: RHB Rickey Henderson
|
0-0: Fly out, F8 (Flyball, 89M, EV 90.0 MPH)
|
|
Batting: LHB Gene Richards
|
0-0: Called Strike 0-1: Reached on error, E5 (Groundball, 5, EV 98.8 MPH)
|
|
Batting: RHB Bob Horner
|
0-0: Ball Gene Richards steals 3rd base 1-0: Swinging Strike 1-1: Fly out, F8 (Flyball, 8RXD, EV 86.9 MPH) Runner from 3rd tags up, SCORES, no throw by CF
|
|
Batting: RHB Gary Carter
|
0-0: Ball 1-0: Called Strike 1-1: Swinging Strike 1-2: Foul Ball, location: 2F 1-2: Ball 2-2: Fly out, F7 (Flyball, 78D, EV 92.5 MPH)
|
| Top of the 3rd over - 1 run, 0 hits, 1 error, 0 left on base; Kansas City 3 - Baltimore 0 |
| BOTTOM OF THE 3RD |
|
Baltimore Orioles batting - Pitching for Kansas City Royals : LHP Frank Viola
|
|
Batting: RHB Marty G Barrett
|
0-0: Fly out, F6 (Line Drive, 6, EV 63.1 MPH)
|
|
Batting: RHB Dennis Werth
|
0-0: Ball 1-0: Called Strike 1-1: Foul Ball, location: 2F 1-2: Ball 2-2: Strikes out swinging
|
|
Batting: SHB Willie McGee
|
0-0: Foul Ball, location: 2F 0-1: Ball 1-1: Ball 2-1: Foul Ball, location: 2F 2-2: Strikes out looking
|
| Bottom of the 3rd over - 0 runs, 0 hits, 0 errors, 0 left on base; Kansas City 3 - Baltimore 0 |
| TOP OF THE 4TH |
|
Kansas City Royals batting - Pitching for Baltimore Orioles : RHP Jim Clancy
|
|
Batting: RHB Lloyd McClendon
|
0-0: Ball 1-0: Ball 2-0: Ground out 5-3 (Groundball, 56, EV 90.0 MPH)
|
|
Batting: RHB Jeffrey Leonard
|
0-0: Ball 1-0: Fly out, F1 (Line Drive, P, EV 66.9 MPH)
|
|
Batting: LHB Rick Manning
|
0-0: Ball 1-0: DOUBLE (Line Drive, 7LM, EV 108.8 MPH)
|
|
Batting: LHB Alvin Davis
|
0-0: Foul Ball, location: 2F 0-1: Ball 1-1: Foul Ball, location: 2F 1-2: Foul Ball, location: 2F 1-2: Foul Ball, location: 2F 1-2: SINGLE (Line Drive, 8LS, EV 97.5 MPH) Rick Manning to third Runner from 3rd tries for Home, SAFE, throw by CF to home
|
|
Batting: LHB Brad Mills
|
0-0: Swinging Strike Alvin Davis steals 2nd base 0-1: Foul Ball, location: 2F 0-2: Ball 1-2: Ball 2-2: Ground out 4-3 (Groundball, 4S, EV 86.9 MPH)
|
| Top of the 4th over - 1 run, 2 hits, 0 errors, 1 left on base; Kansas City 4 - Baltimore 0 |
| BOTTOM OF THE 4TH |
|
Baltimore Orioles batting - Pitching for Kansas City Royals : LHP Frank Viola
|
|
Batting: SHB Johnny Ray
|
0-0: Foul Ball, location: 2F 0-1: Swinging Strike 0-2: Ball 1-2: Ball 2-2: Foul Ball, location: 2F 2-2: DOUBLE (Line Drive, 89D, EV 104.4 MPH)
|
|
Batting: SHB Steve R Ontiveros
|
0-0: Called Strike 0-1: Swinging Strike 0-2: Fly out, F7 (Flyball, 7S, EV 77.5 MPH)
|
|
Batting: RHB Dwight Evans
|
0-0: Ball 1-0: Called Strike 1-1: Called Strike 1-2: Ball 2-2: Foul Ball, location: 2F 2-2: DOUBLE (Flyball, 8RXD, EV 108.8 MPH) Johnny Ray scores
|
|
Batting: RHB Ron Cey
|
0-0: Ground out 5-3 (Groundball, 5, EV 80.0 MPH)
|
|
Batting: RHB Matt Rice
|
0-0: Ball 1-0: Ground out 4-3 (Groundball, 4, EV 89.4 MPH)
|
| Bottom of the 4th over - 1 run, 2 hits, 0 errors, 1 left on base; Kansas City 4 - Baltimore 1 |
| TOP OF THE 5TH |
|
Kansas City Royals batting - Pitching for Baltimore Orioles : RHP Jim Clancy
|
|
Pitching: RHP Duane Theiss
|
|
|
Batting: RHB Rickey Henderson
|
0-0: Ball 1-0: Ball 2-0: Called Strike 2-1: Ball 3-1: Base on Balls
|
|
Batting: LHB Gene Richards
|
0-0: Called Strike 0-1: Swinging Strike 0-2: Strikes out looking
|
|
Batting: RHB Bob Horner
|
0-0: Called Strike 0-1: Ball 1-1: Ball Rickey Henderson is caught stealing 2nd base 2-4 2-1: SINGLE (Line Drive, 6MD, EV 96.9 MPH)
|
|
Batting: RHB Gary Carter
|
0-0: Foul Ball, location: 2F 0-1: Foul Ball, location: 2F 0-2: Ball 1-2: Fly out, F8 (Line Drive, 8RM, EV 87.5 MPH)
|
| Top of the 5th over - 0 runs, 1 hit, 0 errors, 1 left on base; Kansas City 4 - Baltimore 1 |
| BOTTOM OF THE 5TH |
|
Baltimore Orioles batting - Pitching for Kansas City Royals : LHP Frank Viola
|
|
Pitching: RHP Joaquin Andujar
|
|
|
Batting: RHB Mark Brouhard
|
0-0: Ball 1-0: Ball 2-0: Called Strike 2-1: Swinging Strike 2-2: Strikes out swinging
|
|
Batting: RHB Marty G Barrett
|
0-0: Ball 1-0: Ground out 6-3 (Groundball, 6, EV 93.8 MPH)
|
|
Batting: RHB Dennis Werth
|
0-0: Called Strike 0-1: Ground out 5-3 (Groundball, 56, EV 80.0 MPH)
|
| Bottom of the 5th over - 0 runs, 0 hits, 0 errors, 0 left on base; Kansas City 4 - Baltimore 1 |
| TOP OF THE 6TH |
|
Kansas City Royals batting - Pitching for Baltimore Orioles : RHP Duane Theiss
|
|
Batting: RHB Lloyd McClendon
|
0-0: Called Strike 0-1: Foul Ball, location: 2F 0-2: Foul Ball, location: 2F 0-2: Foul Ball, location: 2F 0-2: Ball 1-2: SINGLE (Flyball, 3D, EV 96.3 MPH)
|
|
Batting: RHB Jeffrey Leonard
|
0-0: SINGLE (Line Drive, 78S, EV 105.0 MPH) Lloyd McClendon to second
|
|
Batting: LHB Rick Manning
|
0-0: TRIPLE (Flyball, 8RXD, EV 92.5 MPH) Lloyd McClendon scores Jeffrey Leonard scores
|
|
Batting: LHB Alvin Davis
|
0-0: Ball 1-0: Ball 2-0: Called Strike 2-1: Ball 3-1: Base on Balls
|
|
Pitching: RHP Oscar Silva
|
|
|
Batting: LHB Brad Mills
|
0-0: Grounds into double play, 4-6-3 (Groundball, 34, EV 107.5 MPH) Rick Manning scores
|
|
Pinch Hitting: LHB Kerry Dineen
|
0-0: Foul Ball, location: 2F 0-1: Fly out, F8 (Flyball, 8RXD, EV 98.1 MPH)
|
| Top of the 6th over - 3 runs, 3 hits, 0 errors, 0 left on base; Kansas City 7 - Baltimore 1 |
| BOTTOM OF THE 6TH |
|
Baltimore Orioles batting - Pitching for Kansas City Royals : RHP Joaquin Andujar
|
|
Now in CF: Kerry Dineen
|
|
|
Batting: SHB Willie McGee
|
0-0: Ground out 4-3 (Groundball, 34, EV 83.8 MPH)
|
|
Batting: SHB Johnny Ray
|
0-0: Ball 1-0: Foul Ball, location: 2F 1-1: Called Strike 1-2: Ground out 4-3 (Groundball, 4, EV 101.9 MPH)
|
|
Batting: SHB Steve R Ontiveros
|
0-0: Called Strike 0-1: Swinging Strike 0-2: Strikes out swinging
|
| Bottom of the 6th over - 0 runs, 0 hits, 0 errors, 0 left on base; Kansas City 7 - Baltimore 1 |
| TOP OF THE 7TH |
|
Kansas City Royals batting - Pitching for Baltimore Orioles : RHP Oscar Silva
|
|
Pinch Hitting: LHB Jim Eisenreich
|
0-0: Ball 1-0: Called Strike 1-1: Ball 2-1: Ball 3-1: Swinging Strike 3-2: Strikes out swinging, 2-3 out at first.
|
|
Pinch Hitting: RHB Eddie Gates
|
0-0: Swinging Strike 0-1: Foul Ball, location: 2F 0-2: Foul Ball, location: 2F 0-2: Ball 1-2: Ball 2-2: Strikes out swinging
|
|
Pinch Hitting: RHB Al Minker
|
0-0: Ball 1-0: Foul Ball, location: 2F 1-1: Foul Ball, location: 2F 1-2: Foul Ball, location: 2F 1-2: Strikes out looking
|
| Top of the 7th over - 0 runs, 0 hits, 0 errors, 0 left on base; Kansas City 7 - Baltimore 1 |
| BOTTOM OF THE 7TH |
|
Baltimore Orioles batting - Pitching for Kansas City Royals : RHP Joaquin Andujar
|
|
Now at 1B: Al Minker
|
|
|
Now at 3B: Eddie Gates
|
|
|
Now in RF: Jim Eisenreich
|
|
|
Batting: RHB Dwight Evans
|
0-0: DOUBLE (Flyball, 8LXD, EV 110.6 MPH)
|
|
Batting: RHB Ron Cey
|
0-0: Called Strike 0-1: Called Strike 0-2: Ball 1-2: Strikes out looking
|
|
Batting: RHB Matt Rice
|
0-0: Ball 1-0: Foul Ball, location: 2F 1-1: Foul Ball, location: 2F 1-2: SINGLE (Line Drive, 78S, EV 97.5 MPH) Dwight Evans to third Runner from 3rd tries for Home, SAFE, throw by LF to home
|
|
Batting: RHB Mark Brouhard
|
0-0: Called Strike 0-1: Called Strike 0-2: Ball 1-2: Strikes out swinging
|
|
Batting: RHB Marty G Barrett
|
0-0: Called Strike 0-1: Ball 1-1: Ball 2-1: Ball 3-1: Foul Ball, location: 2F 3-2: SINGLE (Groundball, 56S, EV 66.9 MPH) (infield hit) Matt Rice to second
|
|
Batting: RHB Dennis Werth
|
0-0: Ball 1-0: Foul Ball, location: 2F 1-1: Ball 2-1: Fielders Choice at 2nd, 6-4 (Groundball, 56, EV 91.3 MPH)
|
| Bottom of the 7th over - 1 run, 3 hits, 0 errors, 2 left on base; Kansas City 7 - Baltimore 2 |
| TOP OF THE 8TH |
|
Kansas City Royals batting - Pitching for Baltimore Orioles : RHP Oscar Silva
|
|
Batting: RHB Lloyd McClendon
|
0-0: Ball 1-0: Ball 2-0: Called Strike 2-1: Foul Ball, location: 2F 2-2: SINGLE (Line Drive, 9S, EV 103.1 MPH)
|
|
Pinch Hitting: RHB Charlie O'Brien
|
0-0: Ball 1-0: Foul Ball, location: 2F 1-1: Ball 2-1: Swinging Strike 2-2: Fly out, F9 (Flyball, 9LM, EV 90.6 MPH)
|
|
Pinch Hitting: RHB Alberto Gonzalez
|
0-0: Fielders Choice at 2nd, 3-6 (Groundball, 3, EV 106.9 MPH)
|
|
Batting: RHB Cesare Pierpaoli
|
0-0: Ball 1-0: Ball 2-0: Called Strike 2-1: Foul Ball, location: 2F 2-2: Strikes out swinging
|
| Top of the 8th over - 0 runs, 1 hit, 0 errors, 1 left on base; Kansas City 7 - Baltimore 2 |
| BOTTOM OF THE 8TH |
|
Baltimore Orioles batting - Pitching for Kansas City Royals : RHP Joaquin Andujar
|
|
Now at 2B: Adrian Monrreal
|
|
|
Now at SS: Alberto Gonzalez
|
|
|
Batting: SHB Willie McGee
|
0-0: Ball 1-0: Foul Ball, location: 2F 1-1: Ground out 4-3 (Groundball, 34D, EV 104.4 MPH)
|
|
Pinch Hitting: RHB Garth Iorg
|
0-0: Foul Ball, location: 2F 0-1: Ball 1-1: Fly out, F9 (Line Drive, 9D, EV 86.3 MPH)
|
|
Pinch Hitting: LHB Mario Delgado
|
0-0: Ground out 4-3 (Groundball, 4, EV 102.5 MPH)
|
| Bottom of the 8th over - 0 runs, 0 hits, 0 errors, 0 left on base; Kansas City 7 - Baltimore 2 |
| TOP OF THE 9TH |
|
Kansas City Royals batting - Pitching for Baltimore Orioles : RHP Oscar Silva
|
|
Now at 3B: Garth Iorg
|
|
|
Now in LF: Mario Delgado
|
|
|
Batting: LHB Brad Mills
|
0-0: Ball 1-0: Foul Ball, location: 2F 1-1: Ground out 4-3 (Groundball, 4S, EV 90.0 MPH)
|
|
Batting: LHB Kerry Dineen
|
0-0: Called Strike 0-1: Ball 1-1: Ball 2-1: DOUBLE (Groundball, 3L, EV 106.3 MPH)
|
|
Batting: LHB Jim Eisenreich
|
0-0: Ball 1-0: Called Strike 1-1: Ball 2-1: Ground out 4-3 (Groundball, 4, EV 90.6 MPH) Kerry Dineen to third
|
|
Batting: RHB Eddie Gates
|
0-0: Swinging Strike 0-1: Ball 1-1: Foul Ball, location: 2F 1-2: Ball 2-2: Strikes out swinging
|
| Top of the 9th over - 0 runs, 1 hit, 0 errors, 1 left on base; Kansas City 7 - Baltimore 2 |
| BOTTOM OF THE 9TH |
|
Baltimore Orioles batting - Pitching for Kansas City Royals : RHP Joaquin Andujar
|
|
Batting: RHB Dwight Evans
|
0-0: Ball 1-0: Swinging Strike 1-1: Ball 2-1: Foul Ball, location: 2F 2-2: Strikes out swinging
|
|
Batting: SHB Jordan Ayala
|
0-0: Called Strike 0-1: Fly out, F7 (Flyball, 7, EV 94.4 MPH)
|
|
Pitching: RHP Donald Moore
|
|
|
Pinch Hitting: LHB Garcia Gutierrez
|
0-0: Ball 1-0: Ball 2-0: Ball 3-0: Called Strike 3-1: Called Strike 3-2: Strikes out swinging
|
| Bottom of the 9th over - 0 runs, 0 hits, 0 errors, 0 left on base; Kansas City 7 - Baltimore 2 |
|